 Dungeon Crawl Stone Soup version 0.17-a0-1430-g49fde19 (webtiles) character file.

140 bal the Ruffian (level 5, -14/40 HPs)
             Began as a Draconian Transmuter on June 25, 2015.
             Demolished by an orc wizard
             ... wielding a +0 dagger of electrocution
              (19 damage)
             ... on level 4 of the Dungeon.
             The game lasted 00:10:21 (3240 turns).

bal the Ruffian (Draconian Transmuter)              Turns: 3240, Time: 00:10:22

Health: -14/40     AC:  5    Str: 14    XL:     5   Next: 2%
Magic:  1/7        EV:  7    Int: 13    God:
Gold:   154        SH:  0    Dex: 11    Spells: 3 memorised, 4 levels left

rFire  . . .     SeeInvis .     f - +0 war axe
rCold  . . .     Clarity  .     (armour unavailable)
rNeg   + . .     SustAt   +     (no shield)
rPois  .         Gourm    .     (helmet restricted)
rElec  .         Spirit   .     (no cloak)
rCorr  .         Warding  .     (no gloves)
rMut   .         Stasis   .     (no boots)
MR     .....                    (no amulet)
Stlth  +.........               o - ring of positive energy
                                d - ring of sustain attributes

@: very slightly contaminated, not resistant to hostile enchantments, very
unstealthy
A: unfitting armour, big wings, stinger 1, low mp 1, cold-blooded, AC +5
a: Fly


You were on level 4 of the Dungeon.
You were not hungry.

You visited 1 branch of the dungeon, and saw 4 of its levels.

You collected 154 gold pieces.

Inventory:

Hand weapons
 f - a +0 war axe (weapon)
 g - a +3 whip
Missiles
 a - 71 arrows
Magical staves
 s - an uncursed staff of air {unknown}
Jewellery
 d - a ring of sustain attributes (left hand)
 o - a ring of positive energy (right hand)
 q - a +2 ring of intelligence
Scrolls
 e - a scroll of magic mapping {unknown}
 j - a scroll of enchant weapon {unknown}
 m - 2 scrolls of fear {unknown}
 n - a scroll of noise {unknown}
Potions
 h - a potion of resistance
 i - 2 potions of curing
 k - 2 potions of ambrosia
Books
 b - a book of Changes

   Spells                             Type                      Level
   a - Beastly Appendage              Transmutation                1
   b - Sticks to Snakes               Transmutation                2
   c - Spider Form                    Transmutation/Poison         3
   d - Ice Form                       Ice/Transmutation            4
   e - Blade Hands                    Transmutation                5
 p - a book of Flames

   Spells                             Type                      Level
   a - Flame Tongue                   Conjuration/Fire             1
   b - Throw Flame                    Conjuration/Fire             2
   c - Conjure Flame                  Conjuration/Fire             3
   d - Inner Flame                    Hexes/Fire                   3
   e - Sticky Flame                   Conjuration/Fire             4
   f - Fireball                       Conjuration/Fire             5
Comestibles
 c - a bread ration
 l - 2 meat rations
 r - a slice of pizza
 t - 2 chunks of flesh


   Skills:
 + Level 1.4 Fighting
 + Level 0.4 Axes
 + Level 2.9 Dodging
 + Level 0.4 Stealth
 + Level 4.0 Unarmed Combat
 + Level 2.5 Spellcasting
 + Level 2.7 Transmutations


You had 4 spell levels left.
You knew the following spells:

 Your Spells              Type           Power        Failure   Level  Hunger
a - Beastly Appendage     Trmt           #.....       10%         1    #......
b - Sticks to Snakes      Trmt           #.........   14%         2    ###....
c - Throw Flame           Conj/Fire      #.....       38%         2    ###....


Dungeon Overview and Level Annotations

Branches:
Dungeon (4/15)
 Temple: D:4-7

Altars:
Qazlal
Zin
The Shining One

Annotations:
D:4 Blork the orc


Innate Abilities, Weirdness & Mutations

Your plain brown scales are hard (AC +5).
Your body does not fit into most forms of armour.
You are cold-blooded and may be slowed by cold attacks.
Your large and strong wings let you fly indefinitely.
Your tail ends in a poisonous barb.
Your magical capacity is low (-10% MP).


Message History

Your adder bites the orc wizard but does no damage.
The orc wizard hits you with a dagger of electrocution.
You are electrocuted!
* * * LOW HITPOINT WARNING * * *
Your ball python misses the orc wizard.
Your ball python barely misses the orc wizard.
The orc priest becomes somewhat translucent.
The orc hits your adder but does no damage.
The orc wizard hits you but does no damage.
Your adder misses the orc wizard.
The orc wizard hits you but does no damage.
Your ball python barely misses the orc wizard.
Your ball python closely misses the orc wizard.
Your adder closely misses the orc wizard.
The orc wizard hits your ball python with a dagger.
The orc barely misses your adder.
The orc wizard hits you with a dagger of electrocution.
* * * LOW HITPOINT WARNING * * *
You are electrocuted!
You die...

#########
.......?#
........#
..$..oS.#
.....oo@#
...%..oS#
........#
#####....
#....
#.....
#.#### ##


You could see an orc priest, 2 orc wizards, an orc, a friendly adder and a
friendly ball python.

Vanquished Creatures
  3 adders
  3 oozes
  3 worms (D:3)
  5 orcs (D:3)
  4 giant cockroaches
  4 goblins
  8 hobgoblins
  9 jackals
  6 kobolds
  2 quokkas
  2 ball pythons
  4 bats
  3 giant geckos
  6 giant newts
  12 rats
74 creatures vanquished.

Vanquished Creatures (collateral kills)
  An orc priest (D:3)
  A giant cockroach (D:3)
  A hobgoblin (D:3)
  A kobold (D:1)
4 creatures vanquished.

Grand Total: 78 creatures vanquished

Notes
Turn   | Place    | Note
--------------------------------------------------------------
     0 | D:1      | bal the Draconian Transmuter began the quest for the Orb.
     0 | D:1      | Reached XP level 1. HP: 16/16 MP: 3/3
   144 | D:1      | Reached XP level 2. HP: 23/23 MP: 5/5
   353 | D:1      | Found a glowing golden altar of the Shining One.
   702 | D:1      | Learned a level 2 spell: Sticks to Snakes
   951 | D:1      | Reached XP level 3. HP: 28/28 MP: 6/6
  1203 | D:2      | Found a stormy altar of Qazlal.
  1736 | D:2      | Reached XP level 4. HP: 32/35 MP: 7/7
  1948 | D:2      | Gained mutation: Your tail ends in a poisonous barb. [potion of mutation]
  1948 | D:2      | Gained mutation: Your magical capacity is low (-10% MP). [potion of mutation]
  1948 | D:2      | Gained mutation: Your large and strong wings let you fly indefinitely. [potion of mutation]
  2355 | D:3      | Found a faded altar to an unknown god.
  2389 | D:3      | Reached skill level 4 in Unarmed Combat
  2602 | D:3      | Learned a level 2 spell: Throw Flame
  2758 | D:3      | Found a glowing silver altar of Zin.
  2769 | D:3      | Reached XP level 5. HP: 14/40 MP: 5/7
  3191 | D:4      | Noticed Blork the orc
  3240 | D:4      | Demolished by an orc wizard

Vault maps used:
D:1:      roderic_crop_circles_arrival_small, minivault_19, tso_metal_star
D:2:      nicolae_qazlal_general_emergency
D:3:      overflow_temple_1_default, ecumenical_altar_1
D:4:      uniq_edmund, uniq_blork_the_orc

Action                   |  1- 3 |  4- 6 || total
-------------------------+-------+-------++-------
Melee: Unarmed           |   146 |    26 ||   172
       War axe           |       |    49 ||    49
 Cast: Beastly Appendage |    11 |     7 ||    18
       Sticks to Snakes  |     4 |     6 ||    10
       Throw Flame       |       |     5 ||     5
  Use: Potion            |     2 |     4 ||     6
       Scroll            |       |     3 ||     3
  Eat: Meat ration       |     1 |     1 ||     2
